 Dungeon Crawl Stone Soup version 0.21-a0-178-g0b87683 (webtiles) character file.

310 Ijustatesigmund the Shield-Bearer (level 6, 0/51 HPs)
             Began as a Formicid Fighter on Aug 9, 2017.
             Was an Initiate of Okawaru.
             Slain by a crocodile (13 damage)
             ... in a sewer.
             The game lasted 00:07:01 (3337 turns).

Ijustatesigmund the Shield-Bearer (FoFi)            Turns: 3337, Time: 00:07:02

Health: 0/51       AC:  6    Str: 21    XL:     6   Next: 69%
Magic:  6/6        EV:  8    Int:  7    God:    Okawaru [......]
Gold:   261        SH:  0    Dex: 12    Spells: 5/5 levels left

rFire    . . .     SeeInvis +   a - +0 quarterstaff
rCold    . . .     Gourm    .   c - +0 shield
rNeg     . . .     Faith    .   b - +0 scale mail
rPois    .         Spirit   .   (helmet unavailable)
rElec    .         Reflect  .   (no cloak)
rCorr    .         Harm     .   (no gloves)
MR       .....                  (no boots)
Stlth    ..........             (no amulet)
HPRegen  0.17/turn              g - ring of wizardry
MPRegen  0.10/turn              (no ring)

@: confused, drained
A: permanent stasis, dig shafts and tunnels, four strong arms, antennae 3
a: Dig, Shaft Self, Renounce Religion


You were in a sewer.
You worshipped Okawaru.
Okawaru was noncommittal.
You were not hungry.

You visited 2 branches of the dungeon, and saw 5 of its levels.
You also visited: Sewer.

You collected 261 gold pieces.

Inventory:

Hand Weapons
 a - a +0 quarterstaff (weapon)
Armour
 b - a +0 scale mail (worn)
 c - a +0 shield (worn)
Jewellery
 g - a ring of wizardry (left hand)
Scrolls
 l - a scroll of recharging
 m - a scroll of remove curse
Potions
 e - a potion of lignification
 h - a potion of invisibility
 i - a potion of ambrosia
 j - 2 potions of brilliance
Comestibles
 d - a royal jelly
 f - 2 bread rations
 k - 6 fruits


   Skills:
 + Level 5.0(4.3) Fighting
 + Level 4.0(3.4) Staves
 - Level 3.2(2.6) Armour
 - Level 5.7(5.1) Shields
 + Level 0.5(0.0) Invocations


You had 5 spell levels left.
You didn't know any spells.

Dungeon Overview and Level Annotations

Branches:
Dungeon (4/15)             Temple (1/1) D:4

Altars:
Fedhas
Hepliaklqana
Nemelex Xobeh
Okawaru
Qazlal
Yredelemnul
Zin
The Shining One


Innate Abilities, Weirdness & Mutations

You cannot be hasted, slowed, berserked, paralysed or teleported.
You can dig through walls and to a lower floor.
Your four strong arms can wield two-handed weapons with a shield.
You have a pair of large antennae on your head. (SInv)


Message History

The crocodile is severely wounded.
The crocodile bites you! The crocodile bites you.
You are too injured to fight recklessly!
You are too injured to fight recklessly!
You are too injured to fight recklessly!
You are too injured to fight recklessly!
You are too injured to fight recklessly!
You are too injured to fight recklessly!
You are too injured to fight recklessly!
You are too injured to fight recklessly!
You are too injured to fight recklessly!
You are too injured to fight recklessly!
You are too injured to fight recklessly!
You are too injured to fight recklessly!
You are too injured to fight recklessly!
You are confused.
You feel invigorated. The crocodile bites you!
* * * LOW HITPOINT WARNING * * *
You're too confused to move!
The crocodile bites you!
You die...

###### #.....#
$......
=$.....############
??....t@...........
$$.....####.#######
$...... #.# #.....#
#.# ###### #.# #.#
#.# ##.## ##...##


You could see a crocodile.

Vanquished Creatures
  An ogre (D:3)
  An orc priest (D:3)
  2 orc wizards (D:3)
  A gnoll (D:1)
  4 adders
  An ooze (D:3)
  A worm (D:3)
  2 dart slugs (D:3)
  5 leopard geckos
  13 orcs
  5 giant cockroaches
  14 hobgoblins
  6 jackals (D:1)
  2 ball pythons
  12 bats
  A frilled lizard (D:1)
  7 goblins
  5 kobolds
  10 rats
93 creatures vanquished.

Notes
Turn   | Place    | Note
-------+----------+-------------------------------------------
     0 | D:1      | Ijustatesigmund the Formicid Fighter began the quest for the Orb.
     0 | D:1      | Reached XP level 1. HP: 18/18 MP: 1/1
    77 | D:1      | Reached XP level 2. HP: 7/24 MP: 2/2
   438 | D:1      | Reached XP level 3. HP: 21/30 MP: 3/3
   903 | D:2      | Found a sparkling altar of Nemelex Xobeh.
   938 | D:2      | Reached XP level 4. HP: 23/37 MP: 4/4
  1519 | D:2      | Found a basalt altar of Yredelemnul.
  1848 | D:3      | Reached XP level 5. HP: 34/42 MP: 5/5
  1912 | D:3      | Reached skill level 5 in Shields
  2034 | D:3      | Noticed an ogre
  2043 | D:3      | Killed an ogre
  2043 | D:3      | Reached XP level 6. HP: 12/50 MP: 6/6
  2812 | D:3      | Found a glowing golden altar of the Shining One.
  2881 | D:4      | Found a staircase to the Ecumenical Temple.
  2892 | Temple   | Entered the Ecumenical Temple
  2911 | Temple   | Became a worshipper of Warmaster Okawaru
  3145 | D:4      | Found a glowing drain.
  3155 | Sewer    | Entered a sewer
  3173 | Sewer    | Reached skill level 5 in Fighting
  3337 | Sewer    | Slain by a crocodile

Vault maps used:
D:1:      dpeg_arrival_ratfight
D:2:      lemuel_round_altar, lemuel_round_altar, first_bread,
          guppyfry_early_orc_mine
D:3:      tso_altar
D:4:      lemuel_castle_with_subvaults, minmay_temple_entry_mist,
          cheibrodos_sewer_entry_drain, roderic_serpentine_path
Temple:   regret_index_temple_waves
Sewer:    sewer_big_baddie

Skill      XL: |  1  2  3  4  5  6 |
---------------+-------------------+-----
Shields        | 4 5 |  5.7
Fighting       | 4 5 |  5.0
Staves         | 3 4 |  4.0
Armour         | |  3.2
Invocations    | |  0.5

Action                   |  1- 3 |  4- 6 || total
-------------------------+-------+-------++-------
Melee: Quarterstaff      |    95 |   238 ||   333
 Abil: Dig               |     5 |     5 ||    10
  Use: Scroll            |     3 |     2 ||     5
       Potion            |       |     7 ||     7
  Eat: Chunk             |     1 |     8 ||     9
Armor: Scale mail        |    52 |    96 ||   148
       Skin              |       |    12 ||    12
Dodge: Dodged            |    34 |    88 ||   122
Block: Shield            |    61 |   164 ||   225
